 Dungeon Crawl Stone Soup version 0.24.0-35-gdb84b6a5db (webtiles) character file.

Game seed: 9208258978872069123, levelgen mode: deterministic

1817 Kobolds4U the Carver (level 8, -14/63 HPs)
             Began as a Demonspawn Berserker on Nov 17, 2019.
             Was an Elder of Trog.
             Demolished by an orc warrior
             ... wielding a +0 halberd
              (15 damage)
             ... on level 6 of the Dungeon.
             The game lasted 00:14:31 (7402 turns).

Kobolds4U the Carver (Demonspawn Berserker)         Turns: 7402, Time: 00:14:31

Health: -14/63     AC:  9    Str: 17    XL:     8   Next: 85%
Magic:  8/8        EV: 10    Int:  8    God:    Trog [****..]
Gold:   223        SH:  0    Dex: 16    Spells: 7/7 levels left

rFire    . . .     SeeInvis .   n - +0 long sword
rCold    . . .     Gourm    .   (no shield)
rNeg     . . .     Faith    .   e - +0 scale mail
rPois    .         Spirit   .   (no helmet)
rElec    .         Reflect  .   i - scarf {repulsion}
rCorr    .         Harm     .   (no gloves)
MR       ++...                  (no boots)
Stlth    ..........             (no amulet)
HPRegen  1.20/turn              (no ring)
MPRegen  0.11/turn              (no ring)

@: lethally poisoned (-14 -> -14), regenerating, repel missiles
A: hooves 2, yellow scales 2, rot immunity
a: Berserk, Trog's Hand, Brothers in Arms, Renounce Religion


You were on level 6 of the Dungeon.
You worshipped Trog.
Trog was greatly pleased with you.
You were hungry.

You visited 1 branch of the dungeon, and saw 7 of its levels.

You collected 223 gold pieces.

Inventory:

Hand Weapons
 n - a +0 long sword (weapon)
 r - a +2 dagger of venom
Missiles
 y - 4 javelins (quivered)
Armour
 e - a +0 scale mail (worn)
 i - a scarf of repulsion (worn)
Wands
 f - a wand of acid (9)
 u - a wand of random effects (40)
Scrolls
 b - a scroll of teleportation {unknown}
 g - 2 scrolls of enchant armour {unknown}
 k - a scroll of random uselessness {unknown}
 l - a scroll of remove curse
 m - a scroll of blinking {unknown}
 s - a scroll of enchant weapon {unknown}
 v - 4 scrolls of immolation
 w - a scroll of magic mapping {unknown}
Potions
 a - 2 potions of brilliance
 d - a potion of invisibility
 h - a potion of agility
 j - a potion of haste {unknown}
 o - a potion of might {unknown}
 q - 5 potions of heal wounds
 t - 6 potions of curing
 x - a potion of degeneration {unknown}
Comestibles
 c - 5 rations


   Skills:
 + Level 5.6 Fighting
 + Level 9.9 Long Blades
 - Level 1.7 Armour
 - Level 1.7 Dodging


You had 7 spell levels left.
You didn't know any spells.
Your spell library was empty.

Dungeon Overview and Level Annotations

Branches:
Dungeon (7/15)
 Temple: D:4-7

Altars:
Elyvilon
Xom


Innate Abilities, Weirdness & Mutations

You have hoof-like feet.
You are mostly covered in yellow scales. (AC +3)
You are immune to rotting.


Message History

You kick the orc wizard, but do no damage.
The orc wizard is lightly wounded.
The orc warrior barely misses you.
You hit the orc wizard but do no damage.
The orc wizard is lightly wounded.
The orc wizard completely misses you.
You riposte.
You hit the orc wizard. Your kick misses the orc wizard.
The orc wizard is heavily wounded.
The orc wizard closely misses you.
You completely miss the orc wizard.
The orc wizard is heavily wounded.
You feel sick.
The orc warrior hits you from afar with a +0 halberd.
* * * LOW HITPOINT WARNING * * *
The orc wizard hits you but does no damage.
You hit the orc wizard but do no damage.
The orc wizard is heavily wounded.
You feel sick. The orc wizard closely misses you.
The orc warrior hits you from afar with a +0 halberd!
You die...

[...######..=).### ##.###.#.#
######.##........# #.# #.#.# #
#.###.#####.# #(# #.#.# # #.#
### #[# #.###.#.# #.# #>#
#.......# #.# #)# #####.###
#.# #o# #.# #.# #o# #.# #.#
######@##### #.# #.#
#..........#######.# #.#
#.####.###.........# ######.#
#.# #.# #########.#
.......####.####.###########.#
########.....................#
##.#.############.####.#
#######....# #.# #.#
...........# #.# #.#


You could see an orc warrior and an orc wizard.

Vanquished Creatures
  Edmund (D:4)
  Duvessa (D:5)
  An ice beast (D:6)
  4 ogres
  2 centaurs
  A gnoll sergeant (D:6)
  Dowan (D:5)
  4 hounds
  3 orc priests
  4 orc wizards
  A bullfrog skeleton (D:5)
  5 iguanas
  5 worker ants
  A killer bee zombie (D:5)
  6 gnolls (D:6)
  6 adders
  3 shadow imps
  An ooze (D:1)
  An adder skeleton (D:5)
  5 worms
  6 leopard geckos
  7 orcs
  6 giant cockroaches
  6 goblins
  14 hobgoblins
  15 jackals
  2 quokkas
  A ball python (D:4)
  14 bats
  10 frilled lizards
  13 kobolds
  A leopard gecko zombie (D:5)
  A quokka zombie (D:6)
  7 rats
  A plant (D:1)
160 creatures vanquished.

Notes
Turn   | Place    | Note
-------+----------+-------------------------------------------
     0 | D:1      | Kobolds4U the Demonspawn Berserker began the quest for the
                  | Orb.
     0 | D:1      | Reached XP level 1. HP: 18/18 MP: 1/1
     0 | D:1      | Noticed an iron dragon
     0 | D:1      | Noticed an iron dragon
     3 | D:1      | Noticed an iron dragon
     3 | D:1      | Noticed an iron dragon
     5 | D:1      | Noticed a shadow dragon
     6 | D:1      | Noticed an ice dragon
     7 | D:1      | Noticed a green draconian
     8 | D:1      | Noticed a shadow dragon
     9 | D:1      | Noticed an ice dragon
    11 | D:1      | Noticed an iron dragon
    13 | D:1      | Noticed an iron dragon
    15 | D:1      | Noticed an orb of fire
    17 | D:1      | Noticed a large abomination
    17 | D:1      | Noticed a large abomination
    19 | D:1      | Noticed an orb of fire
    21 | D:1      | Noticed an orb of fire
   152 | D:1      | Reached skill level 3 in Long Blades
   162 | D:1      | Gained mutation: You are partially covered in yellow
                  | scales. (AC +2) [demonic ancestry]
   162 | D:1      | Reached XP level 2. HP: 9/24 MP: 2/2
   686 | D:1      | Gained mutation: You are mostly covered in yellow scales.
                  | (AC +3) [demonic ancestry]
   686 | D:1      | Reached XP level 3. HP: 19/29 MP: 3/3
   872 | D:1      | Reached skill level 4 in Long Blades
   890 | D:1      | Reached ** piety under Trog
  1689 | D:2      | Gained mutation: You are immune to rotting. [demonic
                  | ancestry]
  1689 | D:2      | Reached XP level 4. HP: 23/35 MP: 4/4
  2207 | D:2      | Noticed an ogre
  2264 | D:2      | Killed an ogre
  2264 | D:2      | Reached skill level 5 in Long Blades
  2264 | D:2      | Gained mutation: You have large cloven feet. [demonic
                  | ancestry]
  2264 | D:2      | Reached XP level 5. HP: 41/41 MP: 5/5
  2561 | D:2      | Reached skill level 6 in Long Blades
  2601 | D:3      | Reached XP level 6. HP: 47/47 MP: 6/6
  2694 | D:3      | Reached *** piety under Trog
  3411 | D:4      | Received a gift from Trog
  3450 | D:4      | Found a white marble altar of Elyvilon.
  3674 | D:4      | Noticed Edmund
  3696 | D:4      | Killed Edmund
  3696 | D:4      | Reached skill level 7 in Long Blades
  3853 | D:4      | Gained mutation: You have hoof-like feet. [demonic
                  | ancestry]
  3853 | D:4      | Reached XP level 7. HP: 43/52 MP: 7/7
  3996 | D:5      | Entered Level 5 of the Dungeon
  3996 | D:5      | Noticed Duvessa
  3996 | D:5      | Noticed Dowan
  4042 | D:5      | Killed Duvessa
  4230 | D:5      | Reached skill level 8 in Long Blades
  4232 | D:5      | Killed Dowan
  4798 | D:5      | Reached skill level 9 in Long Blades
  4798 | D:5      | Reached XP level 8. HP: 35/58 MP: 8/8
  5640 | D:6      | Reached **** piety under Trog
  5781 | D:6      | Found a shimmering altar of Xom.
  6337 | D:6      | Reached skill level 5 in Fighting
  7401 | D:6      | HP: 1/63 [orc warrior/+0 halberd (6)]
  7402 | D:6      | Demolished by an orc warrior

Levels and vault maps discovered:
D:1:      shiori_arrival_whats_in_store_for_you, layout_basic,
          serial_bayou_lagoon_a, st_stairs_13, minmay_hexomino_f4
D:2:      layout_loops_cross, small_statue_intersection
D:3:      layout_loops_ring
D:4:      layout_basic, elyvilon_altar_5, uniq_edmund
D:5:      layout_cave_pools, first_ration, uniq_duvessa
D:6:      minmay_evil_eye, layout_loops_ring, basic_altar
D:7:      layout_loops_ring, minmay_temple_entry_glassed_door, basic_altar,
          tgw_kikubaaqudgha

Skill      XL: |  1  2  3  4  5  6  7  8 |
---------------+-------------------------+-----
Long Blades    | 3 4 5 6 7 9 |  9.9
Fighting       | 5 |  5.6
Armour         | |  1.7
Dodging        | |  1.7

Action                   |  1- 3 |  4- 6 |  7- 9 || total
-------------------------+-------+-------+-------++-------
Melee: Falchion          |   202 |       |       ||   202
       Long sword        |     7 |   185 |   153 ||   345
       Kick              |       |    51 |    75 ||   126
       Dagger            |       |       |    43 ||    43
Invok: Berserk           |       |     1 |     4 ||     5
       Trog's Hand       |       |     1 |     3 ||     4
  Use: Scroll            |       |       |     7 ||     7
  Eat: Chunk             |     3 |     9 |    12 ||    24
       Ration            |       |       |     1 ||     1
Armor: Animal skin       |     5 |       |       ||     5
       Scale mail        |    92 |    90 |   101 ||   283
Dodge: Dodged            |   112 |   108 |   111 ||   331
       Deflected         |     1 |     2 |     3 ||     6
       Rpst.: Falchion   |    38 |       |       ||    38
       Long sword        |     2 |    33 |    36 ||    71
